 Dungeon Crawl Stone Soup version 0.25-a0-294-gea9b1ad378 (webtiles) character file.

Game seed: 1974314118790088379, levelgen mode: deterministic

52 FieryGallade the Twirler (level 3, -4/28 HPs)
             Began as a Demonspawn Gladiator on Dec 19, 2019.
             Killed from afar by an electric eel (14 damage)
             ... with a bolt of electricity
             ... on level 3 of the Dungeon.
             The game lasted 00:17:37 (1242 turns).

FieryGallade the Twirler (Demonspawn Gladiator)     Turns: 1242, Time: 00:17:44

Health: -4/28      AC:  6    Str: 15    XL:     3   Next: 60%
Magic:  3/3        EV: 13    Int:  9    God:
Gold:   112        SH:  0    Dex: 14    Spells: 0/2 levels left

rFire    + . .     SeeInvis .   a - +0 quarterstaff
rCold    . . .     Gourm    .   (shield currently unavailable)
rNeg     . . .     Faith    .   j - +0 leather armour
rPois    .         Spirit   .   c - +0 helmet
rElec    .         Reflect  .   (no cloak)
rCorr    .         Harm     .   (no gloves)
MR       .....                  (no boots)
Stlth    +.........             (no amulet)
HPRegen  0.09/turn              i - ring of flight
MPRegen  0.08/turn              (no ring)

@: very slightly contaminated, very slow
A: slimy green scales 1, fire resistance 1
a: Evoke Flight


You were on level 3 of the Dungeon.
You were not hungry.

You visited 1 branch of the dungeon, and saw 3 of its levels.

You collected 112 gold pieces.

Inventory:

Hand Weapons
 a - a +0 quarterstaff (weapon)
Missiles
 d - 3 throwing nets (quivered)
 e - 12 arrows
 m - 13 poisoned darts
Armour
 c - a +0 helmet (worn)
 j - a +0 leather armour (worn)
Jewellery
 i - a ring of flight (left hand)
Wands
 p - a wand of flame (8)
Scrolls
 g - a scroll of identify
 n - a scroll of teleportation {unknown}
Potions
 b - a potion of heal wounds {unknown}
 l - a potion of invisibility {unknown}
 o - a potion of curing
Comestibles
 f - 4 rations
 h - 3 chunks of flesh


   Skills:
 + Level 2.4 Fighting
 + Level 3.4 Staves
 + Level 2.0 Throwing
 + Level 0.5 Armour
 + Level 3.1 Dodging


You couldn't memorise any spells.
You knew the following spells:

 Your Spells              Type           Power        Failure   Level  Hunger
a - Slow                  Hex            #.......     58%         2    ###....

Your spell library contained the following spells:

 Spells                   Type           Power        Failure   Level  Hunger
 Magic Dart               Conj           #...         45%         1    ##.....
 Blink                    Tloc           N/A          58%         2    ###....
 Call Imp                 Summ           #.......     58%         2    ###....
 Conjure Flame            Conj/Fire      #.......     83%         3    ####...
 Mephitic Cloud           Conj/Pois/Air  #.......     83%         3    ####...


Dungeon Overview and Level Annotations

Branches:
Dungeon (3/15)

Altars:
Cheibriados
Ru
Vehumet


Innate Abilities, Weirdness & Mutations

You are partially covered in slimy green scales. (AC +2)
Your flesh is heat resistant. (rF+)


Message History

You open the door.
The electric eel shoots out a bolt of lightning at you!
The bolt of electricity hits you!
Okay, then.
Blink to where?
Press: ? - help, Dir - move target cursor Splash!
You fall into the shallow water.
Moving in this stuff is going to be slow.
You are very lightly contaminated with residual magic.
As you read the scroll of blinking, it crumbles to dust.
The frilled lizard hisses angrily.
The electric eel shoots out a bolt of lightning at you!
The bolt of electricity hits the plant!
The bolt of electricity hits you!
The electric eel shoots out a bolt of lightning at you!
The bolt of electricity hits the electric eel.
The electric eel completely resists.
The bolt of electricity hits the plant!
The bolt of electricity hits you!
Ouch! That really hurt!
You die...

.. .#
###################.#
#.................#.#
..###############.#.## #
#8P#≈≈≈≈≈;;#P8#....# ..#
.#≈P≈≈≈..#..#...# ##
.©#©[+≈≈P♣≈.$'§©#©..#...
..#..#≈@≈≈≈..#..#..##.#
.h#8P#≈≈≈≈≈≈≈#P8#....#
..###############.#<##
#.................#.#
#...O.....###.#####.#
#.........# #.# #.#
#l........# #. #.#
#$......... .. #.# #.#


You could see an ogre, 2 electric eels, a jackal and a frilled lizard.

Vanquished Creatures
  An ooze (D:2)
  A worm (D:2)
  6 dart slugs
  A leopard gecko (D:1)
  A ball python (D:2)
  A giant cockroach (D:2)
  6 goblins (D:2)
  3 hobgoblins
  6 bats
  3 frilled lizards (D:1)
  2 kobolds (D:1)
  2 rats
33 creatures vanquished.

Vanquished Creatures (others)
  A dart slug (D:2)
1 creature vanquished.

Grand Total: 34 creatures vanquished

Notes
Turn   | Place    | Note
-------+----------+-------------------------------------------
     0 | D:1      | FieryGallade the Demonspawn Gladiator began the quest for
                  | the Orb.
     0 | D:1      | Reached XP level 1. HP: 16/16 MP: 1/1
   187 | D:1      | Gained mutation: Your flesh is heat resistant. (rF+)
                  | [demonic ancestry]
   187 | D:1      | Reached XP level 2. HP: 22/22 MP: 2/2
   629 | D:2      | Gained mutation: You are partially covered in slimy green
                  | scales. (AC +2) [demonic ancestry]
   629 | D:2      | Reached XP level 3. HP: 28/28 MP: 3/3
   659 | D:2      | Found a sacrificial altar of Ru.
   702 | D:2      | Learned a level 2 spell: Slow
   729 | D:2      | Found a radiant altar of Vehumet.
   776 | D:2      | Found a snail-covered altar of Cheibriados.
  1223 | D:3      | Found a transporter.
  1242 | D:3      | Found a transporter.
  1242 | D:3      | Noticed an ogre
  1242 | D:3      | Killed from afar by an electric eel

Levels and vault maps discovered:
D:1:      psy_arrival_whirlpool, layout_loops_cross, minmay_misc_feat_plants
D:2:      layout_loops_ring, fiery_altar_vehumet, kennysheep_slug_shrine,
          nicolae_ru_path_of_blood
D:3:      gammafunk_steamed_eel, layout_loops_ring,
          lemuel_coloured_pillars_altar

Skill      XL: |  1  2 |
---------------+-------+-----
Throwing       | 2 |  2.0
Staves         | 3 |  3.4
Dodging        | 3 |  3.1
Fighting       | |  2.4
Armour         | |  0.5

Action                   || total
-------------------------++-------
Melee: Quarterstaff      ||    71
  Use: Scroll            ||     3
       Potion            ||     1
  Eat: Chunk             ||     1
Armor: Leather armour    ||    18
Dodge: Dodged            ||    62

Table legend:
 A = Non-vault XP
 B = Vault XP
 C = Vault XP percentage of total XP
 D = Non-vault monster count
 E = Vault monster count
 F = Vault count percentage of total count
                 A         B        C        D         E       F
            +---------+---------+-------+---------+---------+-------
      Total |      71 |       4 |   5.3 |      32 |       1 |   3.0
            +---------+---------+-------+---------+---------+-------
        D:1 |      32 |       0 |   0.0 |      17 |       0 |   0.0
        D:2 |      39 |       4 |   9.3 |      15 |       1 |   6.2
            +---------+---------+-------+---------+---------+-------
